 Dungeon Crawl Stone Soup version 0.21-a0-41-g5e91fef (webtiles) character file.

0 MackTheKnife the Sneak (level 1, -4/15 HPs)
             Began as a Naga Fire Elementalist on June 4, 2017.
             Slain by a hobgoblin (5 damage)
             ... on level 1 of the Dungeon.
             The game lasted 00:00:19 (49 turns).

MackTheKnife the Sneak (Naga Fire Elementalist)       Turns: 49, Time: 00:00:20

Health: -4/15      AC:  1    Str: 10    XL:     1   Next: 10%
Magic:  1/3        EV: 10    Int: 15    God:
Gold:   0          SH:  0    Dex: 11    Spells: 3/4 levels left

rFire    . . .     SeeInvis +   (no weapon)
rCold    . . .     Gourm    .   (no shield)
rNeg     . . .     Faith    .   a - +0 robe
rPois    +         Spirit   .   (no helmet)
rElec    .         Reflect  .   (no cloak)
rCorr    .         Harm     .   (no gloves)
MR       .....                  (no barding)
Stlth    ++........             (no amulet)
Regen    0.1/turn               (no ring)
MPRegen  0.1/turn               (no ring)

@: very slow
A: see invisible, deformed body, poison resistance, slowness 2, slow metabolism
1, spit poison 1, AC +0
a: Spit Poison


You were on level 1 of the Dungeon.
You were not hungry.

You visited 1 branch of the dungeon, and saw 1 of its levels.

Inventory:

Armour
 a - a +0 robe (worn)
Books
 b - a book of Flames
Comestibles
 c - a bread ration {@e1}


   Skills:
 - Level 1.5 Dodging
 - Level 3.0 Stealth
 + Level 2.0 Spellcasting
 + Level 1.1 Conjurations
 + Level 3.0 Fire Magic


You had 3 spell levels left.
You knew the following spells:

 Your Spells              Type           Power        Failure   Level  Hunger
z - Flame Tongue          Conj/Fire      #....        10%         1    #......


Dungeon Overview and Level Annotations

Branches:
Dungeon (1/15)

Altars:


Innate Abilities, Weirdness & Mutations

You cannot wear boots.
Your serpentine skin is tough. (AC +0)
You have supernaturally acute eyesight. (SInv)
Armour fits poorly on your strangely shaped body.
Your system is resistant to poisons. (rPois)
You cover ground very slowly.
You have a slow metabolism.
You can spit poison.


Message History

Trunk games don't count for the tournament, you want 0.20.
Play trunk anyway? (Y/N) Welcome, MackTheKnife the Naga Fire Elementalist.
Will you prevail where others failed? Will you find the Orb of Zot?
Found a staircase leading out of the dungeon.
You open the door.
There is an open door here.
The merfolk shouts!
The spriggan shouts!
The human shouts!
The vine stalker shouts!
The ogre shouts!
The minotaur bellows!
The centaur shouts!
The octopode shouts!
You open the door.
A hobgoblin comes into view.
The formicid twitches its antennae in your direction.
There is an open door here.
A rat comes into view.
The hobgoblin shouts!
The rat moves out of view.
A rat and a kobold come into view.
The kobold is wielding a dagger of venom.
There is an open door here.
You don't know that spell.
Unknown command.
Adjust (i)tems, (s)pells, or (a)bilities?
Adjust which spell? a - Flame Tongue Adjust to which letter? z - Flame Tongue
Aim: a rat The flame tongue hits the rat.
You kill the rat!
You now have 2/3 mp.
The hobgoblin barely misses you.
You hit the hobgoblin. The hobgoblin hits you.
You take 1 damage, and have 14/15 hp.
You hit the hobgoblin but do no damage. The hobgoblin hits you.
You take 3 damage, and have 11/15 hp.
You hit the hobgoblin but do no damage. The hobgoblin closely misses you.
You hit the hobgoblin but do no damage. The hobgoblin hits you.
You take 2 damage, and have 9/15 hp.
Aim: a hobgoblin (moderately wounded)
The flame tongue hits the hobgoblin.
The hobgoblin hits you.
* * * LOW HITPOINT WARNING * * *
You take 5 damage, and have 4/15 hp.
MASSIVE DAMAGE!!
You now have 1/3 mp.
Aim: a hobgoblin (heavily wounded)
The flame tongue hits the hobgoblin.
The hobgoblin barely misses you.
You now have 0/3 mp.
You don't have enough magic to cast that spell.
You hit the hobgoblin but do no damage. The hobgoblin hits you.
* * * LOW HITPOINT WARNING * * *
You take 2 damage, and have 3/15 hp.
You barely miss the hobgoblin. The hobgoblin closely misses you.
You closely miss the hobgoblin. The hobgoblin hits you.
* * * LOW HITPOINT WARNING * * *
You take 2 damage, and have 1/15 hp.
You hit the hobgoblin but do no damage. The hobgoblin hits you.
You die...

... ... .. r. ##.
###################### ..###..
#x#c#.#o#f#p#N#h#K#V#T
.......#######################
#..'..†g@................
#......#######################
..####. #a#d#Q#H#p#O#p#9#i#6#M
.. ###################### ...
(... ..r.# K...#


You could see a tengu and a hobgoblin.

Vanquished Creatures
  A rat (D:1)
1 creature vanquished.

Notes
Turn   | Place    | Note
-------+----------+-------------------------------------------
     0 | D:1      | MackTheKnife the Naga Fire Elementalist began the quest for the Orb.
     0 | D:1      | Reached XP level 1. HP: 15/15 MP: 3/3
     2 | D:1      | Noticed a merfolk
     2 | D:1      | Noticed a dwarf
     4 | D:1      | Noticed an elf
     4 | D:1      | Noticed a ghoul
     6 | D:1      | Noticed a troll
     8 | D:1      | Noticed a vampire
     8 | D:1      | Noticed a demonspawn
    10 | D:1      | Noticed a spriggan
    12 | D:1      | Noticed a felid
    12 | D:1      | Noticed a gargoyle
    14 | D:1      | Noticed a naga
    14 | D:1      | Noticed a halfling
    16 | D:1      | Noticed a human
    16 | D:1      | Noticed an ogre
    18 | D:1      | Noticed a vine stalker
    18 | D:1      | Noticed a demigod
    20 | D:1      | Noticed a minotaur
    22 | D:1      | Noticed a tengu
    24 | D:1      | Noticed a centaur
    24 | D:1      | Noticed a draconian
    26 | D:1      | Noticed an octopode
    26 | D:1      | Noticed a formicid
    46 | D:1      | HP: 3/15 [hobgoblin (2)]
    48 | D:1      | HP: 1/15 [hobgoblin (2)]
    49 | D:1      | Slain by a hobgoblin

Vault maps used:
D:1:      kb_arrival_jail, minmay_lizard_pond

Action                   || total
-------------------------++-------
Melee: Unarmed           ||     8
 Cast: Flame Tongue      ||     3
Dodge: Dodged            ||     4

Vault maps used:
D:1:      kb_arrival_jail, minmay_lizard_pond

Table legend:
 A = Turns spent in this place as a percentage of turns spent in the entire game.
 B = Non-inter-level travel turns spent in this place as a percentage of non-inter-level travel turns spent in the entire game.
 C = Inter-level travel turns spent in this place as a percentage of turns spent in this place.
 D = Turns resting spent in this place as a percentage of non-inter-level travel turns spent in this place.
 E = Turns spent auto-exploring this place as a percentage of non-inter-level travel turns spent in this place.
 F = Non-inter-level travel turns spent in this place divided by the number of levels of this place that you've seen.
                   A       B       C       D       E      F
               +-------+-------+-------+-------+-------+----------------------
         Total | 100.0 | 100.0 |   0.0 |   0.0 |   4.0 |  25.0
       Dungeon | 100.0 | 100.0 |   0.0 |   0.0 |   4.0 |  25.0
               +-------+-------+-------+-------+-------+----------------------

Table legend:
 A = Kills in this place as a percentage of kills in entire the game.
 B = Kills by you in this place as a percentage of kills by you in the entire game.
 C = Kills by friends in this place as a percentage of kills by friends in the entire game.
 D = Other kills in this place as a percentage of other kills in the entire game.
 E = Experience gained in this place as a percentage of experience gained in the entire game.
 F = Experience gained in this place divided by the number of levels of this place that you have seen.
                   A       B       C       D       E      F
               +-------+-------+-------+-------+-------+----------------------
         Total | 100.0 | 100.0 |  -nan |  -nan | 100.0 |   1.0
       Dungeon | 100.0 | 100.0 |  -nan |  -nan | 100.0 |   1.0
               +-------+-------+-------+-------+-------+----------------------
